 Dungeon Crawl Stone Soup version 0.31-a0-150-g89dc3ad700 (webtiles) character file.

Game seed: 1694855893019361099

3646 qw the Skirmisher (level 9, -10/82 HPs)
             Began as a Minotaur Hunter on June 8, 2023.
             Was a Follower of Okawaru.
             Mangled by Erica
             ... wielding a +1 scimitar of flaming
              (12 damage)
             ... on level 8 of the Dungeon.
             The game lasted 00:02:21 (5466 turns).

qw the Skirmisher (Minotaur Hunter)                 Turns: 5466, Time: 00:02:22

Health: -10/82     AC:  6    Str: 21    XL:     9   Next: 88%
Magic:  11/11      EV: 15    Int:  6    God:    Okawaru [*.....]
Gold:   215        SH:  0    Dex: 19    Spells: 8/8 levels left

rFire   + . .        Y - +1 shortbow (chaos)
rCold   . . .        (shield currently unavailable)
rNeg    + . .        n - +2 leather armour {rN+}
rPois   .            (helmet restricted)
rElec   .            c - scarf {repulsion}
rCorr   .            (no gloves)
SInv    .            l - +0 pair of boots
Will    .....        b - amulet of the acrobat
Stlth   +            k - ring of protection from fire
HPRegen 0.33/turn    h - +6 ring of strength
MPRegen 0.12/turn

%: repel missiles, acrobat
@: confused
A: horns 2, retaliatory headbutt
a: Renounce Religion, Heroism


You were on level 8 of the Dungeon.
You worshipped Okawaru.
Okawaru was aware of your devotion.
You visited 2 branches of the dungeon, and saw 9 of its levels.

You collected 350 gold pieces.
You spent 135 gold pieces at shops.


Innate Abilities, Weirdness & Mutations

You have a pair of horns on your head.
You reflexively headbutt those who attack you in melee.


   Skills:
 - Level 8.3 Fighting
 + Level 12.0 Ranged Weapons
 - Level 2.6 Armour
 - Level 6.0 Dodging
 - Level 0.7 Stealth
 - Level 4.0 Invocations


You had 8 spell levels left.
You didn't know any spells.
Your spell library was empty.

Inventory:

Hand Weapons
 Y - a +1 shortbow of chaos (weapon)
Armour
 c - a scarf of repulsion (worn)
 l - a +0 pair of boots (worn)
 n - a +2 leather armour of positive energy (worn)
Jewellery
 b - an amulet of the acrobat (around neck)
 h - a +6 ring of strength (right hand)
 k - a ring of protection from fire (left hand)
Wands
 a - a wand of digging (4)
Scrolls
 g - 6 scrolls of identify
 j - a scroll of teleportation
Potions
 d - 3 potions of haste
 e - a potion of curing
 i - a potion of resistance

Dungeon Overview and Level Annotations

Branches:
Dungeon (8/15)             Temple (1/1) D:6
   Lair: D:8-11

Altars:
Ashenzari
Cheibriados
Dithmenos
Fedhas
Gozag
Hepliaklqana
Makhleb
Nemelex Xobeh
Okawaru
Ru
Sif Muna
Trog
Uskayaw
Vehumet
Wu Jian
Xom
Yredelemnul
The Shining One

Shops:
D:6 [   D:7 *

Annotations:
D:4 1 runed translucent door, Crazy Yiuf
D:8 Erica


Message History

You are poisoned.
You shoot an arrow.
You feel very sick. Something hits you! Something burns you.
You shoot an arrow.
You feel sick. Something hits you but does no damage.
You shoot an arrow.
You feel sick.
You shoot an arrow.
You feel sick.
You hear some strange, mumbled words.
You are confused.
You shoot an arrow.
You feel sick.
You hear some strange, mumbled words.
You are more confused.
You shoot an arrow.
You feel sick.
You shoot an arrow.
You hear some strange, mumbled words.
A bolt of poison appears from out of thin air!
The bolt of poison misses you.
You shoot an arrow.
You feel sick. Something hits you. Something burns you.
You shoot an arrow.
You feel like a meek peon again.
You feel sick.
You shoot an arrow.
You hear some strange, mumbled words.
A lance of force appears from out of thin air!
The lance of force is repelled.
You shoot an arrow.
You feel sick. Something barely misses you.
You shoot an arrow.
You feel sick.
You are no longer poisoned.
Something hits you!
You shoot an arrow. Something hits you!
You die...

##################
#)).))...........#
#.#####..#######>#
#.# #### #.# #.###
#.# #...#### #.#
.......# #@#
..#.##.########..{#
..#.##.......#.###.#
..#.##.......#. .#
..#.##.......# .
.............# .#
?............# #
###.##/......#
#.##..(.<..#


There were no monsters in sight!

Vanquished Creatures
  Pikel (D:6)
  Grinder (D:6)
  Sigmund (D:5)
  Eustachio (D:5)
  A steam dragon (D:6)
  3 black bears
  An ice beast (D:7)
  A sky beast (D:7)
  A centaur (D:7)
  4 ogres
  4 lemures (D:6)
  2 phantoms
  A bullfrog (D:6)
  Blork the orc (D:5)
  4 scorpions
  10 wights
  5 orc priests
  5 hounds
  A jelly (D:4)
  A sleepcap (D:4)
  Natasha (thrice) (D:4)
  An iguana (D:6)
  3 orc wizards
  5 adders
  A shadow imp (D:6)
  A white imp (D:7)
  3 dart slugs
  17 orcs
  2 ball pythons
  A bat (D:3)
  7 endoplasms
  2 giant cockroaches
  6 goblins
  5 hobgoblins
  4 jackals
  A quokka (D:1)
  6 kobolds
  8 rats
125 creatures vanquished.

Notes
Turn   | Place    | Note
-------+----------+-------------------------------------------
     0 | D:1      | qw the Minotaur Hunter began the quest for the Orb.
     0 | D:1      | Reached XP level 1. HP: 18/18 MP: 0/0
     0 | D:1      | 0 ||| qw: Version: 0.2-a-119-g7aa9181
     0 | D:1      | 0 ||| qw: Game counter: 2893
     0 | D:1      | 0 ||| qw: Always use a shield: true
     0 | D:1      | 0 ||| qw: God list: Okawaru
     0 | D:1      | 0 ||| qw: Allow faded altars: false
     0 | D:1      | 0 ||| qw: Do Orc after D:15 true
     0 | D:1      | 0 ||| qw: Do second Lair branch before Depths: true
     0 | D:1      | 0 ||| qw: Lair rune preference: random
     0 | D:1      | 0 ||| qw: Plans: Normal
     0 | D:1      | 0 ||| PLANNING D:1-11
   176 | D:1      | Reached XP level 2. HP: 25/25 MP: 1/1
   183 | D:1      | Reached skill level 5 in Ranged Weapons
   442 | D:1      | Reached skill level 3 in Fighting
   580 | D:1      | 580 ||| UPGRADING to ring of protection from fire.
   581 | D:1      | 581 ||| READING scroll labelled SUPURRO DISIL.
   582 | D:1      | 582 ||| READING scroll labelled ISOANN ZOIRE.
   583 | D:1      | 583 ||| READING scroll labelled FUMPUETAUT.
   586 | D:1      | 586 ||| READING scroll labelled ALLAERUFYW.
   587 | D:1      | 587 ||| READING scroll labelled CIBRUSI SEJEF.
   588 | D:1      | 588 ||| DROPPING scroll of butterflies.
   655 | D:2      | Reached XP level 3. HP: 31/31 MP: 2/2
   706 | D:2      | Found an opulent altar of Gozag.
   982 | D:2      | 982 ||| UPGRADING to amulet of the acrobat.
   987 | D:2      | 987 ||| READING scroll labelled GEAMNURUMP.
   988 | D:2      | 988 ||| DRINKING 2 black potions.
  1102 | D:3      | Found a hide-covered altar of Uskayaw.
  1109 | D:3      | 1109 ||| FLEEEEING.
  1110 | D:3      | 1110 ||| FLEEEEING.
  1116 | D:3      | 1116 ||| FLEEEEING.
  1121 | D:3      | 1121 ||| FLEEEEING.
  1122 | D:3      | 1122 ||| FLEEEEING.
  1133 | D:3      | Reached skill level 6 in Ranged Weapons
  1133 | D:3      | Reached XP level 4. HP: 29/38 MP: 3/3
  1438 | D:3      | Found a radiant altar of Vehumet.
  1565 | D:3      | Found a broken altar of Ashenzari.
  1884 | D:3      | 1884 ||| UPGRADING to +0 ring mail.
  1894 | D:3      | 1894 ||| DROPPING +0 leather armour.
  1895 | D:3      | 1895 ||| UPGRADING to +0 pair of boots.
  1900 | D:3      | 1900 ||| UPGRADING to +6 ring of strength.
  1901 | D:3      | 1901 ||| READING 2 scrolls labelled POTWOP KAXE.
  1902 | D:3      | 1902 ||| READING scroll labelled XERUCKUSTAH.
  1965 | D:4      | Reached skill level 1 in Armour
  1965 | D:4      | Reached XP level 5. HP: 46/46 MP: 4/4
  1985 | D:4      | Noticed Natasha
  1988 | D:4      | Killed Natasha
  2023 | D:4      | Found a runed translucent door.
  2024 | D:4      | Noticed Crazy Yiuf
  2142 | D:4      | Reached skill level 7 in Ranged Weapons
  2258 | D:4      | Noticed Natasha
  2274 | D:4      | Killed Natasha
  2275 | D:4      | Reached XP level 6. HP: 20/52 MP: 5/5
  2476 | D:4      | Noticed Natasha
  2489 | D:4      | Killed Natasha
  2642 | D:4      | 2642 ||| DROPPING +6 ring of intelligence.
  2643 | D:4      | 2643 ||| READING scroll labelled LEITAX MUATIN.
  2644 | D:4      | 2644 ||| DRINKING 2 green potions.
  2645 | D:4      | 2645 ||| READING 3 scrolls of identify.
  2645 | D:4      | 2645 ||| IDENTIFYING fuming puce potion
  2646 | D:4      | 2646 ||| READING 2 scrolls of identify.
  2646 | D:4      | 2646 ||| IDENTIFYING fuming silvery potion
  2647 | D:4      | 2647 ||| DROPPING potion of ambrosia.
  2648 | D:4      | 2648 ||| DROPPING potion of attraction.
  2649 | D:4      | 2649 ||| DROPPING potion of enlightenment.
  2688 | D:5      | Entered Level 5 of the Dungeon
  2708 | D:5      | Reached skill level 8 in Ranged Weapons
  2708 | D:5      | Found an ornate altar of the Wu Jian Council.
  2711 | D:5      | Noticed Eustachio
  2728 | D:5      | HP: 12/52 [river rat[Eustachio] (7)]
  2729 | D:5      | Killed Eustachio
  2730 | D:5      | Reached XP level 7. HP: 14/61 MP: 6/6
  2972 | D:5      | Found a glowing golden altar of the Shining One.
  3006 | D:5      | Noticed Blork the orc
  3012 | D:5      | Killed Blork the orc
  3165 | D:5      | Reached skill level 3 in Dodging
  3300 | D:5      | Noticed Sigmund
  3302 | D:5      | Killed Sigmund
  3303 | D:5      | Reached skill level 9 in Ranged Weapons
  3303 | D:5      | Reached XP level 8. HP: 69/69 MP: 7/7
  3472 | D:5      | 3472 ||| DROPPING ring of wizardry.
  3473 | D:5      | 3473 ||| READING scroll labelled YBALUA BUSMU.
  3474 | D:5      | 3474 ||| READING 3 scrolls labelled XOSARANAAC.
  3475 | D:5      | 3475 ||| READING 3 scrolls of identify.
  3475 | D:5      | 3475 ||| IDENTIFYING emerald potion
  3476 | D:5      | 3476 ||| READING 2 scrolls of identify.
  3476 | D:5      | 3476 ||| IDENTIFYING glowing blue potion
  3477 | D:5      | 3477 ||| DROPPING 2 scrolls of noise.
  3478 | D:5      | 3478 ||| DROPPING potion of brilliance.
  3520 | D:6      | Reached skill level 6 in Fighting
  3592 | D:6      | Found a staircase to the Ecumenical Temple.
  3593 | D:6      | 3593 ||| PLANNING TEMPLE
  3597 | D:6      | Noticed Grinder
  3604 | D:6      | Paralysed by Grinder for 2 turns
  3605 | D:6      | Killed Grinder
  3606 | D:6      | Reached skill level 10 in Ranged Weapons
  3660 | Temple   | Entered the Ecumenical Temple
  3661 | Temple   | 3661 ||| PLANNING OKAWARU WORSHIP
  3676 | Temple   | Became a worshipper of Warmaster Okawaru
  3676 | Temple   | 3676 ||| PLANNING D:1-11
  3847 | D:6      | Found a sacrificial altar of Ru.
  3873 | D:6      | Found Baorit's Antique Armour Shoppe.
  3892 | D:6      | 3892 ||| BUYING dyed leather armour (135 gold).
  3892 | D:6      | Bought a dyed leather armour for 135 gold pieces
  3892 | D:6      | 3892 ||| SHOPLISTING embroidered cloak (202 gold, have
                  | 143).
  3966 | D:6      | Noticed Pikel
  3977 | D:6      | Killed Pikel
  3977 | D:6      | Reached * piety under Okawaru
  3983 | D:6      | Reached XP level 9. HP: 74/82 MP: 8/8
  4091 | D:6      | 4091 ||| INVOKING Heroism.
  4097 | D:6      | Reached skill level 1 in Invocations
  4417 | D:6      | 4417 ||| INVOKING Heroism.
  4497 | D:6      | 4497 ||| UPGRADING to +2 leather armour of positive energy.
  4507 | D:6      | 4507 ||| DROPPING +0 ring mail.
  4508 | D:6      | 4508 ||| READING scroll labelled DAKLUEHUWK.
  4509 | D:6      | 4509 ||| READING scroll labelled YSUVEMAQENT.
  4510 | D:6      | 4510 ||| READING scroll labelled DELEDAO HURR.
  4551 | D:7      | 4551 ||| FLEEEEING.
  4591 | D:7      | 4591 ||| INVOKING Heroism.
  4631 | D:7      | Found Bapryt's Elemental Accessories.
  4678 | D:7      | Reached skill level 11 in Ranged Weapons
  4763 | D:7      | 4763 ||| INVOKING Heroism.
  4827 | D:7      | 4827 ||| INVOKING Heroism.
  4831 | D:7      | 4831 ||| Stepping ~*~*~tactically~*~*~ (outnumbered).
  4832 | D:7      | 4832 ||| Stepping ~*~*~tactically~*~*~ (outnumbered).
  4843 | D:7      | Reached skill level 3 in Invocations
  4977 | D:7      | 4977 ||| INVOKING Heroism.
  5063 | D:7      | 5063 ||| INVOKING Heroism.
  5067 | D:7      | Reached skill level 12 in Ranged Weapons
  5295 | D:7      | 5295 ||| UPGRADING to scarf of repulsion.
  5411 | D:8      | Reached skill level 6 in Dodging
  5436 | D:8      | Noticed Erica
  5438 | D:8      | 5438 ||| INVOKING Heroism.
  5447 | D:8      | 5447 ||| DRINKING 2 potions of curing.
  5447 | D:8      | 5447 ||| (to cure confusion)
  5459 | D:8      | HP: 20/82 [poisoned by Erica (bolt of poison)]
  5464 | D:8      | HP: 11/82 [poisoned by Erica (bolt of poison)]
  5465 | D:8      | HP: 1/82 [something (9)]
  5466 | D:8      | Mangled by Erica

Levels and vault maps discovered:
D:1:      psy_arrival_fountain, layout_rooms, minmay_misc_feat_secret_circle
D:2:      layout_rooms, basic_altar, serial_bayou_ford_a
D:3:      layout_loops_corners, mainiacjoe_overflow_chevrons,
          mainiacjoe_overflow_24_doors, nicolae_vehumet_altar_sigil
D:4:      layout_rooms, st_stairs_7, uniq_natasha, uniq_crazy_yiuf_cottage
D:5:      layout_basic, nicolae_wu_jian_wuxing_cycle, tso_altar, uniq_sigmund,
          uniq_eustachio, uniq_blork_the_orc
D:6:      layout_loops_ring, nicolae_ru_sacrificial_ziggurat,
          minmay_temple_entry_large_hall, serial_shops,
          nicolae_shop_window_shopping, uniq_grinder, uniq_pikel
D:7:      layout_rooms, grunt_ministairs_14, nicolae_elemental_shop
D:8:      layout_loops_cross, uniq_psyche, uniq_erica
Temple:   minmay_freezing_vapour_temple

Skill      XL: |  1  2  3  4  5  6  7  8  9 |
---------------+----------------------------+-----
Ranged Weapons | 5 6 7 8 9 10 12 | 12.0
Fighting       | 3 4 5 8 |  8.3
Armour         | 1 2 |  2.6
Dodging        | 3 4 6 |  6.0
Invocations    | 4 |  4.0
Stealth        | |  0.7

Action                     |  1- 3 |  4- 6 |  7- 9 || total
---------------------------+-------+-------+-------++-------
   Fire: Shortbow          |    78 |   138 |   323 ||   539
 Invoke: Heroism           |       |       |     8 ||     8
    Use: Scroll            |     6 |     5 |     7 ||    18
         Potion            |     1 |     1 |     1 ||     3
 Armour: Leather armour    |     9 |       |     5 ||    14
         Ring mail         |       |    24 |    21 ||    45
  Dodge: Dodged            |     8 |    46 |    65 ||   119
         Repelled          |       |       |     1 ||     1

Table legend:
 A = Non-vault XP
 B = Vault XP
 C = Vault XP percentage of total XP
 D = Non-vault monster count
 E = Vault monster count
 F = Vault count percentage of total count
                 A         B        C        D         E       F
            +---------+---------+-------+---------+---------+-------
      Total |    3223 |    1986 |  38.1 |     108 |      13 |  10.7
            +---------+---------+-------+---------+---------+-------
        D:1 |      35 |       0 |   0.0 |      20 |       0 |   0.0
        D:2 |      10 |       0 |   0.0 |       6 |       0 |   0.0
        D:3 |     131 |       0 |   0.0 |      16 |       0 |   0.0
        D:4 |     325 |      39 |  10.7 |      16 |       2 |  11.1
        D:5 |     396 |     531 |  57.3 |      14 |       3 |  17.6
        D:6 |     786 |     927 |  54.1 |      15 |       2 |  11.8
        D:7 |    1174 |     489 |  29.4 |      16 |       6 |  27.3
        D:8 |     366 |       0 |   0.0 |       5 |       0 |   0.0
            +---------+---------+-------+---------+---------+-------
